 Dungeon Crawl Stone Soup version 0.27-a0-1119-gbf574a6a6b (webtiles) character file.

Game seed: 4505477066188846297

202 Zeld the Shield-Bearer (level 5, -4/38 HPs)
             Began as an Octopode Fighter on May 2, 2021.
             Slain by an ogre
             ... wielding a +0 giant spiked club
              (25 damage)
             ... on level 4 of the Dungeon.
             The game lasted 00:02:12 (3547 turns).

Zeld the Shield-Bearer (Octopode Fighter)           Turns: 3547, Time: 00:02:13

Health: -4/38      AC:  1    Str: 16    XL:     5   Next: 80%
Magic:  5/5        EV: 11    Int: 10    God:
Gold:   183        SH:  9    Dex: 12    Spells: 4/4 levels left

rFire    + . .     SeeInvis .   a - +0 war axe
rCold    . . .     Faith    .   b - +0 kite shield
rNeg     . . .     Spirit   .   (helmet restricted)
rPois    .         Reflect  .   (no amulet)
rElec    .         Harm     .   n - ring of protection from fire
rCorr    .         Rampage  .   (no ring)
Will     .....                  (no ring)
Stlth    ++........             (no ring)
HPRegen  0.12/turn              (no ring)
MPRegen  0.09/turn              (no ring)
                                (no ring)
                                (no ring)

@: no status effects
A: almost no armour, amphibious, 8 rings, camouflage 1, gelatinous body 1,
(nimble swimmer 1), tentacles
a: no special abilities


You were on level 4 of the Dungeon.
You visited 1 branch of the dungeon, and saw 4 of its levels.

You collected 183 gold pieces.

Inventory:

Hand Weapons
 a - a +0 war axe (weapon)
Armour
 b - a +0 kite shield (worn)
Jewellery
 n - a ring of protection from fire (left tentacle)
Wands
 m - a wand of paralysis (10)
Scrolls
 d - a scroll of torment {unknown}
 e - 2 scrolls of teleportation {unknown}
 g - 2 scrolls of fear {unknown}
 i - 2 scrolls of fog {unknown}
 j - 2 scrolls of identify {unknown}
 k - 2 scrolls of amnesia {unknown}
Potions
 f - a potion of heal wounds {unknown}
 h - a potion of attraction {unknown}
 l - a potion of brilliance {unknown}


   Skills:
 * Level 4.3 Fighting
 * Level 3.6 Axes
 - Level 3.0 Dodging
 * Level 4.3 Shields


You had 4 spell levels left.
You didn't know any spells.
Your spell library contained the following spells:

 Spells                   Type           Power      Damage    Failure   Level
 Confusing Touch          Hex            0%         N/A       99%         3
 Gell's Gravitas          Tloc           0%         N/A       99%         3
 Petrify                  Tmut/Erth      0%         N/A       100%        4
 Metabolic Englaciation   Hex/Ice        0%         N/A       100%        5
 Yara's Violent Unravell  Hex/Tmut       0%         3d3       100%        5


Dungeon Overview and Level Annotations

Branches:
Dungeon (4/15)
 Temple: D:4-7

Altars:
Elyvilon
Ru
Uskayaw

Shops:
D:1 (


Innate Abilities, Weirdness & Mutations

You cannot wear most types of armour.
You are amphibious.
You can wear up to eight rings at the same time.
Your skin changes colour to match your surroundings (Stealth+).
Your rubbery body absorbs attacks. (AC +1, EV +1)
((You are camouflaged near water. (Stealth+)))
You have tentacles for arms and can constrict up to eight enemies at once.


Message History

No target in view!
No target in view!
You see here a +0 dagger.
Found a stone staircase leading down.
A goblin comes into view. It is wielding a +0 dagger.
The helpless goblin fails to defend itself.
You slash the goblin!
You kill the goblin!
No target in view!
Found a trident.
A phantom comes into view.
Found a sacrificial altar of Ru.
You feel very mighty all of a sudden. You block the phantom's attack.
You barely miss the phantom. The phantom barely misses you.
The phantom hits you.
You slash the phantom! Your squeeze misses the phantom.
The phantom is moderately damaged.
The phantom barely misses you. You block the phantom's attack.
You slash the phantom!
The phantom is severely damaged.
The phantom barely misses you.
You slash the phantom!
You destroy the phantom!
No target in view!
You feel a little less mighty now.
Things that are here:
a +0 dagger; a goblin corpse An ogre comes into view.
It is wielding a +0 giant spiked club.
The ogre shouts!
An ogre is nearby!
An ogre is nearby!
You slash the ogre! Your squeeze misses the ogre.
The ogre is heavily wounded.
The ogre hits you with a +0 giant spiked club!
You closely miss the ogre.
The ogre is heavily wounded.
The ogre hits you with a +0 giant spiked club!!
Ouch! That really hurt!
You die...

.....#...#........###>#.(.....#.≈
#.#.####.#.######.# #.#.#####.#..
#.#........# #.###.#.##.).#.#.
#<#.....#### #.#...#.##.#.##.#
###.....# #....##....#.###.
#.....+ ####..#.......# ##
#.....# #.........##### # #.....#
#.###...#.# ####.... #@#....##.#
#.........O.#.#####.#
#..######...#. #.# #.#.. #.#
..### .# #.. #. ..


You could see an ogre.

Vanquished Creatures
  A phantom (D:4)
  A jelly (D:2)
  Terence (D:2)
  3 dart slugs
  2 orcs (D:3)
  6 ball pythons
  3 bats (D:1)
  10 endoplasms
  4 giant cockroaches
  8 goblins
  4 hobgoblins
  5 jackals
  3 kobolds
  A quokka (D:1)
  2 frilled lizards (D:1)
  2 rats
56 creatures vanquished.

Notes
Turn   | Place    | Note
-------+----------+-------------------------------------------
     0 | D:1      | Zeld the Octopode Fighter began the quest for the Orb.
     0 | D:1      | Reached XP level 1. HP: 16/16 MP: 1/1
   316 | D:1      | Reached XP level 2. HP: 15/21 MP: 2/2
   535 | D:1      | Found Ofubasta's Antique Weapon Boutique.
   820 | D:1      | Reached XP level 3. HP: 21/26 MP: 3/3
  2212 | D:2      | Noticed Terence
  2218 | D:2      | Killed Terence
  2219 | D:2      | Reached XP level 4. HP: 33/33 MP: 4/4
  2547 | D:3      | Found a white marble altar of Elyvilon.
  2547 | D:3      | Found a hide-covered altar of Uskayaw.
  2707 | D:3      | Found a faded altar of an unknown god.
  2939 | D:3      | Reached XP level 5. HP: 31/37 MP: 5/5
  3471 | D:4      | Found a sacrificial altar of Ru.
  3471 | D:4      | Noticed a phantom
  3484 | D:4      | Killed a phantom
  3543 | D:4      | Noticed an ogre
  3547 | D:4      | Slain by an ogre

Illustrated notes

Levels and vault maps discovered:
D:1:      erik_arrival_triangle_large, layout_loops_corners, serial_shops, shop
D:2:      layout_rooms, serial_curves, eino_curves_02, eino_curves_03,
          uniq_terence
D:3:      layout_loops_ring, gammafunk_temple_overflow_pools,
          shapermc_ecumenical_altar_notcrosses, minmay_misc_feat_tiny
D:4:      layout_basic, nicolae_ru_awakened_eye

Skill      XL: |  1  2  3  4 |
---------------+-------------+-----
Axes           | 3 |  3.6
Fighting       | 4 |  4.3
Shields        | 4 |  4.3
Dodging        | |  3.0

Action                   |  1- 3 |  4- 6 || total
-------------------------+-------+-------++-------
Melee: War axe           |    65 |    35 ||   100
       Tentacles         |    13 |     4 ||    17
       Constrict         |    16 |     7 ||    23
  Use: Potion            |     1 |     1 ||     2
 Stab: Sleeping          |     7 |     5 ||    12
Armor: Skin              |     5 |       ||     5
Dodge: Dodged            |    15 |    13 ||    28
Block: Kite shield       |    22 |    10 ||    32

Table legend: (Time is in decaauts)
 A = Elapsed time spent in this place.
 B = Non-inter-level travel time spent in this place.
 C = Inter-level travel time spent in this place.
 D = Time resting spent in this place.
 E = Time spent auto-exploring this place.
 F = Levels seen in this place.
 G = Mean time per level.
                   A        B        C        D        E       F      G
               +--------+--------+--------+--------+--------+-----+--------+
         Total |   3604 |   3509 |     95 |      0 |   3120 |   4 |  901.0 |
       Dungeon |   3604 |   3509 |     95 |      0 |   3120 |   4 |  901.0 |
               +--------+--------+--------+--------+--------+-----+--------+

Top non-repeatable levels by time:
     D:1: 1491 daAuts
     D:2: 952 daAuts
     D:3: 932 daAuts
     D:4: 228 daAuts
